 Dungeon Crawl Stone Soup version 0.32-a0-131-g9dbbe29261 (webtiles) character file.

Game seed: 7254924534613027922

13888 CowFu the Mimic (level 11, -3/116 HPs)
             Began as a Green Draconian Shapeshifter on Feb 8, 2024.
             Was the Champion of Fedhas.
             Slain by Urug
             ... wielding a +0 heavy long sword
              (20 damage)
             ... on level 10 of the Dungeon.
             The game lasted 00:23:10 (10287 turns).

CowFu the Mimic (Green Draconian Shapeshifter)     Turns: 10287, Time: 00:23:11

Health: -3/116     AC: 13    Str: 26    XL:     11   Next: 81%
Magic:  13/13      EV: 14    Int: 11    God:    Fedhas [******]
Gold:   629        SH:  0    Dex: 16    Spells: 9/10 levels left

rFire   . .          .
                       - Unarmed
rCold   . . .        (shield currently unavailable)
rNeg    . . .        (body armour unavailable)
rPois   +            (helmet currently unavailable)
rElec   +            J - melded +0 cloak
rCorr   .            e - melded +0 pair of gloves
SInv    .            (boots currently unavailable)
Will    .....        i - amulet of faith
Stlth   +            o - +4 ring of protection
HPRegen 0.39/turn    K - ring "Xecaoclo" {rElec rPois Dex+6}
MPRegen 0.13/turn

%: faith
@: mighty, about to teleport, snake-form, marked
A: constrict, boosted hp, (breathe noxious fumes), AC +7, large, unfitting
armour, (poison resistance), (cold-blooded)
a: Begin Untransformation, Renounce Religion, Wall of Briars, Grow
Ballistomycete, Overgrow, Grow Oklob


You were on level 10 of the Dungeon.
You worshipped Fedhas.
Fedhas was exalted by your worship.
You were an enormous serpent.
You visited 1 branch of the dungeon, and saw 11 of its levels.
You also visited: Bailey.

You collected 701 gold pieces.
You spent 72 gold pieces at shops.

Inventory:

Armour
 e - a +0 pair of gloves (melded)
 w - a +0 helmet
 J - a +0 cloak (melded)
Jewellery
 h - an amulet of the acrobat
 i - an amulet of faith (around neck)
 o - a +4 ring of protection (left hand)
 u - a ring of wizardry
 v - an amulet of magic regeneration
 A - a ring of positive energy
 F - a ring of see invisible
 K - the ring "Xecaoclo" (right hand) {rElec rPois Dex+6}
   (You found it on level 5 of the Dungeon)

   [ring of dexterity]

   Dex+6:     It affects your dexterity (+6).
   rElec:     It insulates you from electricity.
   rPois:     It protects you from poison
 N - a ring of protection from cold
 O - a ring of flight
 V - a +6 ring of intelligence
Talismans
 b - a beast talisman
 c - a flux talisman
 g - a maw talisman
 R - a serpent talisman (active)
Wands
 p - a wand of roots (21)
 s - a wand of flame (18)
 C - a wand of paralysis (4)
 D - a wand of polymorph (18)
 Q - a wand of mindburst (3)
 S - a wand of digging (5)
Scrolls
 d - a scroll of amnesia
 f - 3 scrolls of brand weapon
 k - 3 scrolls of teleportation
 l - a scroll of identify
 m - a scroll of enchant armour
 q - 3 scrolls of fear
 y - 3 scrolls of fog
 E - 5 scrolls of enchant weapon
 I - a scroll of vulnerability
 M - 2 scrolls of revelation
 U - a scroll of summoning {unknown}
Potions
 a - 3 potions of lignification
 j - 4 potions of mutation
 n - 6 potions of brilliance
 t - 2 potions of enlightenment
 x - 4 potions of curing
 z - a potion of ambrosia
 B - 3 potions of haste
 G - a potion of attraction
 H - a potion of cancellation {unknown}
 P - 2 potions of invisibility
 T - a potion of resistance {unknown}
Miscellaneous
 L - a lightning rod (4/4)


   Skills:
 + Level 9.3 Fighting
 + Level 8.1 Dodging
 + Level 10.3 Unarmed Combat
 - Level 1.0 Alchemy
 + Level 2.7 Invocations
 + Level 10.7 Shapeshifting


You had 9 spell levels left.
You knew the following spells:

 Your Spells              Type           Power      Damage    Failure   Level
a - Sting                 Conj/Alch      4%         1d3       28%         1

Your spell library contained the following spells:

 Spells                   Type           Power      Damage    Failure   Level
 Mercury Vapours          Alch/Air       2%         N/A       41%         2
 Call Canine Familiar     Summ           0%         N/A       71%         3
 Inner Flame              Hex/Fire       0%         N/A       71%         3
 Sigil of Binding         Hex            0%         N/A       71%         3
 Tukima's Dance           Hex            0%         N/A       71%         3
 Volatile Blastmotes      Fire/Tloc      0%         2d10      71%         3
 Olgreb's Toxic Radiance  Alch           2%         N/A       93%         4
 Fulminant Prism          Conj/Alch      0%         3d5       96%         4
 Sticky Flame             Fire/Alch      1%         2d4       96%         4
 Dimensional Bullseye     Hex/Tloc       0%         N/A       98%         4
 Flame Wave               Conj/Fire      0%         2d4       98%         4
 Iskenderun's Mystic Bla  Conj/Tloc      0%         2d3       98%         4


Dungeon Overview and Level Annotations

Branches:
Dungeon (11/15)            Temple (0/1) D:7            Lair (0/5) D:8
    Orc (0/2) D:9          Bailey (visited)

Altars:
Cheibriados
Fedhas
Hepliaklqana
Makhleb
Uskayaw
Vehumet
Yredelemnul

Shops:
D:2 ?

Annotations:
D:5 2 runed translucent doors
D:10 Urug


Innate Abilities, Weirdness & Mutations

You are an enormous serpent.
You have a powerful constriction melee attack.
Your maximum health is increased.
Your armour is entirely melded.
You are incapable of wielding weapons or throwing items.
((You can breathe blasts of noxious fumes.))
((Your lurid green scales are hard. (AC +7)))
You cannot fit into any form of body armour.
((Your system is resistant to poisons. (rPois)))
((You are cold-blooded and may be slowed by cold attacks.))


Message History

Harold hits you but does no damage. Harold hits you with a +0 trident!
You can move again.
You hit Harold. You grab Harold.
Harold is moderately wounded.
You constrict Harold.
Harold zaps a wand.
You easily resist.
Unknown command.
You body-slam Harold!!
Harold is heavily wounded.
You constrict Harold, but do no damage. You lash Harold!
Harold is severely wounded.
You constrict Harold. Harold hits you with a +0 trident!
You body-slam Harold!!
Harold is almost dead.
You constrict Harold.
Urug throws a javelin.
The javelin pierces through you!
Harold zaps a wand.
You suddenly lose the ability to move!
You lose your grip on Harold.
Harold points at you and mumbles some strange words.
The mark upon you grows brighter. Harold hits you with a +0 trident!
Urug hits you with a +0 heavy long sword!!
* * * LOW HITPOINT WARNING * * *
Harold zaps a wand.
You shrug off the repeated paralysis!
You can move again.
You hit Harold. You grab Harold.
Harold is almost dead.
You constrict Harold, but do no damage. Harold casts a spell at you.
The mark upon you grows brighter.
Okay, then.
As you read the scroll of teleportation, it crumbles to dust.
You feel strangely unstable.
You constrict Harold!
You kill Harold!
Fedhas appreciates your contribution to the ecosystem.
Harold gasps with his last breath, "I wish I had worked less..."
Urug hits you with a +0 heavy long sword!!
You die...
Urug says, "One more harpy dead."
Fedhas appreciates your contribution to the ecosystem.

#....#### .........
.. .#...# ......# #
.. .....## ..# ..#
#. .##..... #.# ..#
... ...... #.# ..#
##.. .... #.##.#
......##..# #..(.#
.###....)..#
....###.... #..oS<#
..#....# #######
#.#..>.# ..###..###
..#....# ....
#......... ###....#
.......####.........
..#....# .........
.......... #.#.####
........####........
#.#..#
....................
#.##.#
....................


You could see Urug.

Vanquished Creatures
  Snorg (D:11)
  Harold (D:10)
  2 vault guards (Bailey)
  A two-headed ogre (D:9)
  Sonja (D:11)
  A manticore (D:11)
  Jeremiah (D:8)
  A troll (D:5)
  2 hornets (D:9)
  A blink frog (D:8)
  Prince Ribbit (Bailey)
  A shadow (D:5)
  3 wraiths
  11 yaks
  2 wyverns
  3 humans (Bailey)
  3 steam dragons
  4 vampire mosquitoes
  An acid dragon (D:10)
  A water moccasin (D:6)
  5 orc warriors
  An ice beast (D:6)
  A sky beast (D:7)
  4 black bears
  3 ogres
  7 centaurs
  2 kobold brigands
  15 bullfrogs
  A gnoll sergeant (D:8)
  4 scorpions
  11 wights
  A killer bee (D:5)
  A howler monkey (D:4)
  5 bombardier beetles
  4 jellies (D:6)
  2 hounds (D:5)
  8 orc priests
  A gnoll bouda (D:4)
  Natasha (D:2)
  An iguana (D:6)
  14 orc wizards
  7 adders
  12 gnolls
  3 river rats (D:8)
  2 shadow imps
  2 white imps (D:8)
  2 ufetubi (D:8)
  A ribbon worm (D:2)
  2 dart slugs
  47 orcs
  6 ball pythons
  6 bats
  5 endoplasms
  5 giant cockroaches
  7 goblins
  10 hobgoblins
  5 jackals
  18 kobolds
  4 quokkas
  5 frilled lizards
  7 rats
290 creatures vanquished.

Vanquished Creatures (others)
  A black bear (D:8)
  A bullfrog (D:8)
  A gnoll (D:8)
  A kobold (D:8)
4 creatures vanquished.

Grand Total: 294 creatures vanquished

Notes
Turn   | Place    | Note
-------+----------+-------------------------------------------
     0 | D:1      | CowFu the Draconian Shapeshifter began the quest for the
                  | Orb.
     0 | D:1      | Reached XP level 1. HP: 16/16 MP: 1/1
   187 | D:1      | Reached XP level 2. HP: 23/23 MP: 2/2
   369 | D:1      | Found a faded altar of an unknown god.
   408 | D:1      | Prayed at the altar of an unknown god.
   408 | D:1      | Became a worshipper of Fedhas Madash
   408 | D:1      | Reached * piety under Fedhas
   429 | D:1      | Reached XP level 3. HP: 15/28 MP: 3/3
  1201 | D:2      | Reached XP level 4. HP: 35/35 MP: 4/4
  1245 | D:2      | Reached ** piety under Fedhas
  1313 | D:2      | Found Tupt's Magic Scroll Shop.
  1316 | D:2      | Bought a scroll of identify for 24 gold pieces
  1316 | D:2      | Bought a scroll of fear for 48 gold pieces
  1470 | D:2      | Noticed Natasha
  1480 | D:2      | Killed Natasha
  1606 | D:3      | Reached XP level 5. HP: 40/40 MP: 5/5
  1633 | D:3      | Reached skill level 5 in Unarmed Combat
  1759 | D:3      | Reached *** piety under Fedhas
  1825 | D:3      | Found a snail-covered altar of Cheibriados.
  2008 | D:3      | Found a hazy altar of Hepliaklqana.
  2786 | D:4      | Reached XP level 6. HP: 42/49 MP: 6/6
  3110 | D:5      | Entered Level 5 of the Dungeon
  3132 | D:4      | Reached **** piety under Fedhas
  3143 | D:4      | Your scales start taking on a lurid green colour.
  3143 | D:4      | Reached XP level 7. HP: 26/57 MP: 7/7
  3143 | D:4      | Gained mutation: Your system is resistant to poisons.
                  | (rPois) [Green Draconian growth]
  3145 | D:4      | Learned a level 1 spell: Sting
  3554 | D:5      | Found a large runed translucent door.
  3642 | D:5      | Found a large runed translucent door.
  3642 | D:5      | Found a large runed translucent door.
  3647 | D:5      | Noticed a wyvern
  3654 | D:5      | Reached skill level 1 in Alchemy
  3724 | D:5      | Killed a wyvern
  3729 | D:5      | Reached skill level 5 in Shapeshifting
  3729 | D:5      | Found a large runed translucent door.
  3734 | D:5      | Identified the ring "Xecaoclo" {rElec rPois Dex+6}
  3846 | D:5      | Noticed a shadow
  3858 | D:5      | Killed a shadow
  3859 | D:5      | Reached XP level 8. HP: 56/66 MP: 8/8
  3986 | D:5      | Noticed a troll
  3993 | D:5      | Killed a troll
  4112 | D:6      | Found a radiant altar of Vehumet.
  4381 | D:6      | Found a burning altar of Makhleb.
  4583 | D:6      | Reached ***** piety under Fedhas
  4716 | D:6      | Reached XP level 9. HP: 71/71 MP: 9/9
  5549 | D:7      | Reached skill level 10 in Shapeshifting
  5701 | D:7      | Found a staircase to the Ecumenical Temple.
  6046 | D:7      | Identified the +0 chain mail of Compassion {^Drain rC+
                  | Int+3 Dex+3}
  6081 | D:8      | Reached skill level 5 in Fighting
  6161 | D:8      | Found a staircase to the Lair.
  6169 | D:8      | Reached skill level 5 in Dodging
  6169 | D:8      | Reached XP level 10. HP: 43/81 MP: 10/10
  6345 | D:8      | Found a flagged portal.
  6352 | Bailey   | Entered a bailey
  6406 | Bailey   | Reached ****** piety under Fedhas
  6513 | Bailey   | Noticed Prince Ribbit
  6519 | Bailey   | Killed Prince Ribbit
  6520 | Bailey   | Noticed a vault guard
  6538 | Bailey   | Killed a vault guard
  6674 | Bailey   | Noticed a vault guard
  6705 | Bailey   | Killed a vault guard
  6952 | D:8      | Noticed Jeremiah
  7003 | D:8      | Killed Jeremiah
  7233 | D:8      | Found a basalt altar of Yredelemnul.
  7419 | D:8      | Reached XP level 11. HP: 90/94 MP: 11/11
  7689 | D:9      | Found a staircase to the Orcish Mines.
  7880 | D:9      | Noticed a two-headed ogre
  7895 | D:9      | Killed a two-headed ogre
  8601 | D:10     | Entered Level 10 of the Dungeon
  8636 | D:10     | Found a hide-covered altar of Uskayaw.
  8686 | D:10     | You fall into a shaft and drop 1 floor!
  8950 | D:11     | Reached skill level 10 in Unarmed Combat
  9021 | D:11     | Noticed Snorg
  9037 | D:11     | Killed Snorg
  9038 | D:11     | Reached skill level 1 in Invocations
  9701 | D:11     | Noticed Sonja
  9706 | D:11     | Killed Sonja
  9998 | D:10     | Noticed Urug
 10263 | D:10     | Noticed Harold
 10266 | D:10     | Paralysed by Harold for 5 turns
 10275 | D:10     | Paralysed by Harold for 3 turns
 10282 | D:10     | Paralysed by Harold for 3 turns
 10287 | D:10     | Killed Harold
 10287 | D:10     | Slain by Urug

Illustrated notes

Levels and vault maps discovered:
D:1:      minmay_arrival_checkered_box, layout_loops_ring,
          hellmonk_ecumenical_altar_zigzags, kennysheep_crisscross
D:2:      layout_rooms, serial_shops, nicolae_shop_rolled_up,
          minmay_quadrilaterals, uniq_natasha
D:3:      layout_basic, cheibriados_altar_1, nicolae_hepliaklqana_hazy_memory,
          minmay_fractal_squares_gapless_5
D:4:      layout_rooms
D:5:      layout_layer_cave, minmay_hollow_rounded_squares
D:6:      layout_gridville, mainiacjoe_overflow_cross_hatched,
          mainiacjoe_overflow_alcove_2
D:7:      layout_rooms, minmay_temple_entry_statues_fountains, serial_glass,
          glass_columns_a, glass_columns_a, minmay_strange_pillars
D:8:      layout_basic, mainiacjoe_overflow_paths, dpeg_lair_monsters,
          enter_bailey_2, serial_demonic, serial_demonic_d, serial_demonic_c,
          serial_demonic_f, serial_demonic_f, serial_demonic_f,
          serial_demonic_f, uniq_jeremiah
D:9:      layout_cave_pods, orc_0_dummy
D:10:     layout_basic, minmay_overflow_temple_hex, lemuel_crystal_altar,
          chequers_garden, uniq_urug, uniq_harold
D:11:     layout_small_grid, uniq_snorg, uniq_sonja

Skill      XL: |  1  2  3  4  5  6  7  8  9 10 11 |
---------------+----------------------------------+-----
Unarmed Combat | 4 5 6 7 9 10 | 10.3
Dodging        | 2 3 4 5 6 8 |  8.1
Fighting       | 2 3 4 5 7 9 |  9.3
Shapeshifting  | 4 5 8 10 | 10.7
Alchemy        | 1 |  1.0
Invocations    | 2 |  2.7

Action                     |  1- 3 |  4- 6 |  7- 9 | 10-12 || total
---------------------------+-------+-------+-------+-------++-------
  Melee: Unarmed           |   111 |   192 |   269 |   344 ||   916
         Tailslap          |     4 |    21 |    38 |    44 ||   107
         Punch             |     1 |     8 |    18 |    18 ||    45
         Maw               |       |       |    21 |    99 ||   120
         Constrict         |       |       |       |    23 ||    23
 Invoke: Wall of Briars    |       |       |       |     1 ||     1
Ability: Breathe Noxious F |       |       |       |     3 ||     3
    Use: Scroll            |       |     3 |    13 |     9 ||    25
         Potion            |       |       |     3 |     3 ||     6
   Stab: Sleeping          |     1 |       |     1 |       ||     2
         Confused          |       |       |       |     4 ||     4
 Armour: Skin              |    57 |   112 |   204 |   312 ||   685
  Dodge: Dodged            |    85 |   126 |   185 |   263 ||   659
   Form: Maw               |       |       |     1 |       ||     1
         Serpent           |       |       |       |     1 ||     1

Table legend: (Time is in decaauts)
 A = Elapsed time spent in this place.
 B = Non-inter-level travel time spent in this place.
 C = Inter-level travel time spent in this place.
 D = Time resting spent in this place.
 E = Time spent auto-exploring this place.
 F = Levels seen in this place.
 G = Mean time per level.
                   A        B        C        D        E       F      G
               +--------+--------+--------+--------+--------+-----+--------+
         Total |  10209 |   9585 |    624 |      0 |   7356 |  12 |  850.8 |
       Dungeon |   9645 |   9021 |    624 |      0 |   6926 |  11 |  876.8 |
        Bailey |    564 |    564 |      0 |      0 |    430 |   1 |  564.0 |
               +--------+--------+--------+--------+--------+-----+--------+

Top non-repeatable levels by time:
     D:6: 1298 daAuts
    D:11: 1215 daAuts
     D:9: 1211 daAuts
     D:1: 1001 daAuts
     D:8: 972 daAuts
     D:3: 892 daAuts
     D:5: 827 daAuts
     D:4: 788 daAuts
     D:7: 639 daAuts
     D:2: 578 daAuts
  Bailey: 564 daAuts
    D:10: 220 daAuts
